 Dungeon Crawl Stone Soup version 0.20.1-1-g8b1a95d (console) character file.

909 Kloppie the Poker (level 7, -2/64 HPs)
             Began as a Minotaur Gladiator on July 10, 2017.
             Was a Believer of Okawaru.
             Slain by Menkaure (10 damage)
             ... on level 5 of the Dungeon.
             The game lasted 00:04:51 (3434 turns).

Kloppie the Poker (Minotaur Gladiator)              Turns: 3434, Time: 00:04:51

Health: -2/64      AC: 17    Str: 22 (25) XL:     7   Next: 81%
Magic:  6/6        EV:  7    Int:  3 (5)  God:    Okawaru [**....]
Gold:   156        SH:  0    Dex:  9 (12) Spells: 6/6 levels left

rFire    . . .     SeeInvis .   a - +1 trident
rCold    . . .     Gourm    .   (no shield)
rNeg     . . .     Faith    .   v - +0 plate armour
rPois    .         Spirit   .   c - +0 hat
rElec    .         Reflect  .   (no cloak)
rCorr    .         Harm     .   (no gloves)
MR       .....                  (no boots)
Stlth    ..........             (no amulet)
Regen    0.2/turn               g - +5 ring of protection
MPRegen  0.1/turn               (no ring)

@: mighty, flying, invisible
A: retaliatory headbutt, horns 2
a: Heroism, Renounce Religion


You were on level 5 of the Dungeon.
You worshipped Okawaru.
Okawaru was pleased with you.
You were not hungry.

You visited 1 branch of the dungeon, and saw 5 of its levels.

You collected 156 gold pieces.

Inventory:

Hand Weapons
 a - a +1 trident (weapon)
Missiles
 d - 3 throwing nets (quivered)
Armour
 c - a +0 hat (worn)
 v - a +0 plate armour (worn)
Jewellery
 g - a +5 ring of protection (left hand)
Wands
 p - a wand of lightning (2/15)
 w - a wand of iceblast (7/15)
Scrolls
 k - a scroll of remove curse
Potions
 e - a potion of brilliance
 l - 2 potions of heal wounds
 m - a potion of agility
 n - 3 potions of curing
 x - a potion of haste
 z - a potion of might
 A - a potion of invisibility
Comestibles
 b - 3 chunks of flesh
 f - 5 bread rations
 j - a meat ration
 q - a royal jelly


   Skills:
 + Level 6.5 Fighting
 + Level 7.3 Polearms
 - Level 2.0 Throwing
 + Level 5.8 Armour
 - Level 3.2 Dodging


You had 6 spell levels left.
You didn't know any spells.

Dungeon Overview and Level Annotations

Branches:
Dungeon (5/15)             Temple (0/1) D:4

Altars:
Okawaru
Ru

Annotations:
D:5 Menkaure


Innate Abilities, Weirdness & Mutations

You reflexively headbutt those who attack you in melee.
You have a pair of horns on your head.


Message History

You are too injured to fight recklessly!
You are too injured to fight recklessly!
You are too injured to fight recklessly!
It was a potion of degeneration.
There was something very wrong with that liquid.
You feel weakened.
You feel dopey.
You feel clumsy.
Menkaure wails, "Why can't you leave me to my rest?"
Menkaure casts a spell at you. Pain shoots through your body!
* * * LOW HITPOINT WARNING * * *
It was a potion of flight.
You feel very buoyant.
You fly up into the air.
Menkaure hits you!
* * * LOW HITPOINT WARNING * * *
It was a potion of might.
You feel very mighty all of a sudden.
It was a potion of invisibility.
You fade into invisibility!
Menkaure hits you!
You die...

...+..... ...# ...
.....# ##.# #.####
...<.#
##.###.##.######....#
..........+....#....#
..........#....#....#
##..##....###..#....#
###+##....###..#M...#
.#.............#@...#
.#.............'....#
##+###.........#....#
# #.....##..#$...# #
.......#####....# #
......... #).....
####+..[.... #.......
#...#......# #.......
#...# .......


You could see Menkaure.

Vanquished Creatures
  Grinder (D:3)
  3 ogres (D:4)
  A howler monkey (D:4)
  An orc priest (D:4)
  A hound (D:5)
  Jessica (D:3)
  An orc wizard (D:5)
  5 worker ants (D:4)
  3 gnolls (D:5)
  6 adders
  5 oozes
  5 worms
  A leopard gecko (D:4)
  10 orcs
  5 giant cockroaches
  6 goblins
  4 hobgoblins
  2 quokkas (D:4)
  A ball python (D:3)
  9 bats
  6 frilled lizards
  6 kobolds
  7 rats
90 creatures vanquished.

Notes
Turn   | Place    | Note
-------+----------+-------------------------------------------
     0 | D:1      | Kloppie the Minotaur Gladiator began the quest for the Orb.
     0 | D:1      | Reached XP level 1. HP: 18/18 MP: 0/0
   136 | D:1      | Reached skill level 4 in Polearms
   271 | D:1      | Reached XP level 2. HP: 17/25 MP: 1/1
   903 | D:2      | Found an iron altar of Okawaru.
   919 | D:2      | Became a worshipper of Warmaster Okawaru
  1039 | D:2      | Reached skill level 1 in Armour
  1114 | D:2      | Reached XP level 3. HP: 30/30 MP: 2/2
  1799 | D:3      | Reached XP level 4. HP: 32/38 MP: 3/3
  1810 | D:3      | Noticed Grinder
  1829 | D:2      | Reached skill level 5 in Polearms
  1969 | D:3      | Killed Grinder
  1969 | D:3      | Reached * piety under Okawaru
  1969 | D:3      | Reached XP level 5. HP: 27/47 MP: 4/4
  1969 | D:3      | Reached XP level 6. HP: 30/53 MP: 5/5
  2142 | D:3      | Noticed Jessica
  2147 | D:3      | Killed Jessica
  2147 | D:3      | Reached skill level 6 in Polearms
  2454 | D:4      | Reached skill level 5 in Fighting
  2535 | D:4      | Found a staircase to the Ecumenical Temple.
  2772 | D:4      | Reached XP level 7. HP: 59/61 MP: 6/6
  2788 | D:4      | Reached ** piety under Okawaru
  2886 | D:4      | Reached skill level 5 in Armour
  3005 | D:4      | Reached skill level 7 in Polearms
  3279 | D:5      | Entered Level 5 of the Dungeon
  3327 | D:5      | Found a sacrificial altar of Ru.
  3426 | D:5      | Noticed Menkaure
  3434 | D:5      | Slain by Menkaure

Skill      XL: |  1  2  3  4  5  6  7 |
---------------+----------------------+-----
Polearms       | 4 5 6 7 |  7.3
Armour         | 1 3 4 5 |  5.8
Fighting       | 3 4 5 6 |  6.5
Throwing       | |  2.0
Dodging        | |  3.2

Action                   |  1- 3 |  4- 6 |  7- 9 || total
-------------------------+-------+-------+-------++-------
Melee: Trident           |    88 |   119 |    99 ||   306
       Headbutt          |     6 |    22 |    12 ||    40
  Use: Potion            |       |     3 |     4 ||     7
       Scroll            |       |       |    10 ||    10
 Stab: Paralysed         |       |       |     2 ||     2
  Eat: Chunk             |     3 |     3 |     2 ||     8
Armor: Leather armour    |     5 |       |       ||     5
       Scale mail        |     3 |       |       ||     3
       Chain mail        |    11 |    23 |       ||    34
       Plate armour      |       |    26 |    29 ||    55
Dodge: Dodged            |    25 |    26 |    25 ||    76
